 Dungeon Crawl Stone Soup version 0.22-a0-367-gb72a975701 (webtiles) character file.

375 Naab the Covert (level 6, 0/42 HPs)
             Began as a Spriggan Enchanter on Apr 23, 2018.
             Was an Initiate of Dithmenos.
             Succumbed to Dowan's poison
             ... on level 4 of the Dungeon.
             The game lasted 00:09:43 (4310 turns).

Naab the Covert (Spriggan Enchanter)                Turns: 4310, Time: 00:09:43

Health: 0/42       AC: 23    Str: 19    XL:     6   Next: 44%
Magic:  6/14       EV:  4    Int: 23    God:    Dithmenos [......]
Gold:   168        SH:  0    Dex: 16    Spells: 5/14 levels left

rFire    . . .     SeeInvis +   e - +0 rapier (drain)
rCold    . . .     Gourm    .   (shield restricted)
rNeg     + + +     Faith    .   (armour currently unavailable)
rPois    +         Spirit   .   (helmet currently unavailable)
rElec    .         Reflect  .   (cloak currently unavailable)
rCorr    .         Harm     .   (gloves unavailable)
MR       +....     NoTele   +   (boots unavailable)
Stlth    ++++......             p - amulet of magic regeneration
HPRegen  0.14/turn              q - +5 ring of strength
MPRegen  0.39/turn              i - +4 ring of strength

@: mighty, brilliant, lethally poisoned (0 -> -12), tree-form, hasted, very
quick
A: very small, unfitting armour, see invisible, herbivore, slow metabolism 2
a: Renounce Religion


You were on level 4 of the Dungeon.
You worshipped Dithmenos.
Dithmenos was noncommittal.
You were not hungry.
You were a tree.
You visited 1 branch of the dungeon, and saw 4 of its levels.

You collected 168 gold pieces.

Inventory:

Hand Weapons
 a - a +1 dagger
 e - a +0 rapier of draining (weapon)
Armour
 b - a +1 robe (melded)
Jewellery
 g - an uncursed ring of resist corrosion
 i - a +4 ring of strength (right branch)
 o - an uncursed ring of protection from fire
 p - an amulet of magic regeneration (around neck)
 q - a +5 ring of strength (left branch)
Scrolls
 h - a scroll of remove curse
 j - a scroll of fear
 n - a scroll of enchant armour
Potions
 k - a potion of berserk rage
 l - a potion of invisibility
Comestibles
 d - 9 rations


   Skills:
 - Level 1.1 Short Blades
 - Level 3.0 Dodging
 + Level 8.7 Stealth
 - Level 4.7 Spellcasting
 - Level 5.3 Hexes


You had 5 spell levels left.
You knew the following spells:

 Your Spells              Type           Power        Failure   Level  Hunger
a - Ensorcelled Hibernat  Hex/Ice        ####..       1%          2    None
b - Corona                Hex            #####..      1%          1    None
c - Confuse               Hex            #####...     1%          3    ##.....
d - Tukima's Dance        Hex            #####...     1%          3    ##.....


Dungeon Overview and Level Annotations

Branches:
Dungeon (4/15)
 Temple: D:4-7

Altars:
Cheibriados
Dithmenos
Elyvilon
Nemelex Xobeh

Annotations:
D:4 Dowan


Innate Abilities, Weirdness & Mutations

You are very small and have problems with some larger weapons.
You are too small for most types of armour.
You have supernaturally acute eyesight. (SInv)
You are a herbivore.
((You cover ground extremely quickly.))
You need to consume almost no food.


Message History

Dowan gestures wildly while chanting.
Dowan blinks!
* * * LOW HITPOINT WARNING * * *
You feel sick.
Unknown command.
* * * LOW HITPOINT WARNING * * *
You feel sick.
Unknown command.
* * * LOW HITPOINT WARNING * * *
You feel sick.
* * * LOW HITPOINT WARNING * * *
You feel sick.
Dowan mumbles some strange words.
Dowan blinks!
Okay, then.
Unknown command.
Unknown command.
* * * LOW HITPOINT WARNING * * *
You feel sick.
You die...

##..###...(....#####
#..e................
#...#########.####..
#..............##...
#.#.#######.........
#.#§# ##...##...
#.#.# #####.####.#
#.#.##.%......# #.#
#.#♣......########.#
#.#........<.......#
#.#.......########.#
#.#.......# #.#
#.#.......# #..
#.#.......# ###
#.#.......# #
#.####.#############
#........


You could see Dowan.

Vanquished Creatures
  Duvessa (D:4)
  An ogre (D:4)
  2 hounds (D:4)
  Terence (D:2)
  6 adders
  2 worms (D:4)
  5 dart slugs
  2 leopard geckos
  An orc (D:4)
  6 bats
  3 giant cockroaches
  5 goblins
  7 hobgoblins
  3 kobolds
  2 quokkas
  A ball python (D:3)
  2 frilled lizards (D:1)
  12 rats
62 creatures vanquished.

Notes
Turn   | Place    | Note
-------+----------+-------------------------------------------
     0 | D:1      | Naab the Spriggan Enchanter began the quest for the Orb.
     0 | D:1      | Reached XP level 1. HP: 9/9 MP: 5/5
   322 | D:1      | Reached XP level 2. HP: 13/13 MP: 7/7
   330 | D:1      | Learned a level 2 spell: Ensorcelled Hibernation
   799 | D:2      | Reached XP level 3. HP: 16/16 MP: 6/9
   808 | D:2      | Learned a level 3 spell: Confuse
   812 | D:2      | Learned a level 3 spell: Tukima's Dance
   979 | D:2      | Noticed Terence
   995 | D:2      | Killed Terence
  1728 | D:2      | Reached skill level 5 in Hexes
  1728 | D:2      | Reached XP level 4. HP: 21/21 MP: 7/11
  1943 | D:2      | Found a snail-covered altar of Cheibriados.
  2546 | D:2      | Found a white marble altar of Elyvilon.
  2548 | D:2      | Found a shadowy altar of Dithmenos.
  3095 | D:2      | Became a worshipper of Dithmenos the Shadowed
  3604 | D:4      | Reached skill level 5 in Stealth
  3604 | D:4      | Reached XP level 5. HP: 24/24 MP: 13/13
  3642 | D:4      | Reached skill level 6 in Stealth
  4083 | D:4      | Noticed an ogre
  4097 | D:4      | Killed an ogre
  4097 | D:4      | Reached skill level 7 in Stealth
  4097 | D:4      | Reached XP level 6. HP: 28/28 MP: 10/14
  4227 | D:4      | Found a sparkling altar of Nemelex Xobeh.
  4267 | D:4      | Noticed Duvessa
  4281 | D:4      | Noticed Dowan
  4285 | D:4      | Killed Duvessa
  4285 | D:4      | Reached skill level 8 in Stealth
  4307 | D:4      | HP: 2/42 [poisoned by Dowan]
  4310 | D:4      | Succumbed to Dowan's poison

Vault maps used:
D:1:      dpeg_arrival_tiny_k, minmay_tetromino_s2
D:2:      kennysheep_slug_shrine, nicolae_overflow_hidden_temple, first_ration,
          uniq_terence
D:3:      minivault_27
D:4:      nemelex_diamond_rough_becter, uniq_duvessa

Skill      XL: |  1  2  3  4  5  6 |
---------------+-------------------+-----
Spellcasting   | 3 4 |  4.7
Hexes          | 4 5 |  5.3
Stealth        | 5 7 8 |  8.7
Short Blades   | |  1.1
Dodging        | |  3.0

Action                   |  1- 3 |  4- 6 || total
-------------------------+-------+-------++-------
Melee: Dagger            |   128 |    69 ||   197
       Rapier            |       |     4 ||     4
 Cast: Corona            |     4 |       ||     4
       Ensorcelled Hiber |    19 |    32 ||    51
       Tukima's Dance    |     2 |       ||     2
       Confuse           |       |     1 ||     1
  Use: Scroll            |     7 |     7 ||    14
       Potion            |       |     5 ||     5
 Stab: Sleeping          |    19 |    22 ||    41
       Distracted        |     1 |       ||     1
       Confused          |       |     1 ||     1
  Eat: Ration            |       |     2 ||     2
Armor: Robe              |    12 |    10 ||    22
       Skin              |       |     2 ||     2
Dodge: Dodged            |   109 |    49 ||   158

Table legend:
 A = Spawn XP
 B = Non-spawn XP
 C = Spawn XP percentage of total XP
 D = Spawn monster count
 E = Non-spawn monster count
 F = Spawn count percentage of total count
 G = Total turns spent on level
                    A         B        C        D         E        F      G
               +---------+---------+-------+---------+---------+-------+---------
         Total |       0 |     537 |   0.0 |       0 |      62 |   0.0 |  4310
               +---------+---------+-------+---------+---------+-------+---------
           D:1 |       0 |      30 |   0.0 |       0 |      17 |   0.0 |   787
           D:2 |       0 |      98 |   0.0 |       0 |      21 |   0.0 |  1874
           D:3 |       0 |      35 |   0.0 |       0 |      14 |   0.0 |   935
           D:4 |       0 |     374 |   0.0 |       0 |      10 |   0.0 |   714
               +---------+---------+-------+---------+---------+-------+---------
